Map: Stasis LE

Players

молчунмолчун - Winner!

  • Race: Protoss Protoss
  • League: Platinum
  • Spawn Location: 11:00

MrGreeny

  • Race: Zerg Zerg
  • League: Platinum
  • Spawn Location: 1:00

VOD

Have the link to the VOD?

Description

Time

  • Played on: Jan. 2, 2019, 12:09 p.m.
  • Length: 27:02
Show
View Real Time Build Order
Export as new Build Order

молчунмолчун Protoss - Winner!

Build Orders: Forge Fast Expand (FFE), Carriers 

Get SALT Encoding   

  12  0:02  Probe  
  13  0:14  Probe  
  14  0:22  Pylon  
  14  0:26  Probe  
  15  0:40  Probe  
  15  0:41  Forge  
  16  0:52  Probe  
  17  1:05  Probe  
  18  1:17  Probe  
  19  1:24  Nexus  
  19  1:35  Gateway  
  19  1:41  Photon Cannon  
  19  1:51  Pylon  
  19  1:56  Pylon  
  20  2:08  Probe  
  20  2:13  Assimilator  
  20  2:18  Assimilator  
  20  2:20  Probe  
  21  2:24  Cybernetics Core  
  21  2:32  Probe  
  21  2:35  Pylon  
  22  2:41  Probe  
  22  2:48  Probe  
  22  2:49  Probe  
  24  2:56  Probe  
  25  2:59  Probe  
  27  3:05  Probe  
  27  3:09  Probe, Robotics Facility  
  29  3:17  Probe  
  29  3:24  Probe  
  29  3:25  Probe  
  31  3:31  Photon Cannon  
  32  3:36  Probe  
  32  3:38  Assimilator  
  33  3:43  Assimilator, Probe  
  34  3:48  Probe  
  34  3:49  Stargate  
  35  3:57  Stargate  
  35  3:59  Probe  
  35  4:02  Probe  
  37  4:12  Probe  
  37  4:14  Probe  
  39  4:20  Stargate  
  39  4:26  Probe, Observer, Pylon  
  40  4:38  Stalker, Probe  
  44  4:49  Immortal  
  48  4:55  Void Ray  
  48  4:57  Probe  
  52  5:05  Probe  
  53  5:07  Void Ray  
  58  5:15  Probe  
  59  5:27  Probe  
  60  5:36  Void Ray  
  64  5:44  Fleet Beacon  
  64  5:45  Pylon  
  64  6:03  Void Ray  
  68  6:11  Pylon  
  68  6:16  Pylon  
  68  6:32  Nexus, Pylon  
  68  6:38  Pylon  
  68  6:42  Assimilator  
  68  6:43  Assimilator  
  68  6:46  Probe, Void Ray x2  
  76  6:47  Void Ray  
  81  6:54  Probe x2  
  83  7:02  Probe  
  83  7:04  Probe  
  83  7:05  Photon Cannon  
  85  7:08  Shield Battery  
  85  7:12  Photon Cannon, Probe  
  85  7:14  Protoss Air Weapons Level 1  
  86  7:16  Probe  
  86  7:18  Photon Cannon  
  86  7:22  Probe  
  87  7:28  Probe  
  89  7:30  Probe  
  90  7:38  Probe  
  90  7:40  Cybernetics Core  
  91  7:46  Tempest  
  91  7:50  Probe  
  91  7:51  Pylon, Carrier  
  97  7:55  Probe  
  103  7:58  Pylon  
  103  8:02  Probe  
  103  8:03  Probe  
  103  8:04  Protoss Air Armor Level 1  
  105  8:06  Pylon  
  106  8:13  Probe  
  106  8:17  Probe  
  108  8:24  Mothership  
  108  8:29  Probe  
  117  8:37  Carrier  
  117  8:41  Probe  
  124  8:45  Carrier  
  130  8:50  Pylon  
  130  8:53  Pylon  
  130  8:55  Pylon  
  130  9:02  Tempest  
  135  9:10  Pylon, Protoss Air Weapons Level 2  
  135  9:13  Pylon  
  127  9:38  Tempest x2, Observer  
  128  9:44  Tempest  
  128  9:51  Protoss Air Armor Level 2  
  143  10:21  Tempest x2  
  153  10:29  Tempest  
  158  10:48  Nexus  
  158  10:51  Pylon  
  158  11:03  Pylon  
  158  11:06  Assimilator  
  158  11:13  Photon Cannon  
  158  11:14  Photon Cannon  
  158  11:19  Photon Cannon  
  158  11:23  Shield Battery  
  158  11:24  Shield Battery  
  158  11:42  Tempest x3  
  173  12:11  Protoss Air Weapons Level 3  
  173  12:12  Assimilator  
  173  12:13  Protoss Air Armor Level 3  
  173  12:18  Protoss Shields Level 1  
  173  12:32  Carrier  
  173  12:33  Carrier  
  173  12:34  Carrier  
  190  13:14  Nexus  
  190  13:18  Photon Cannon  
  190  13:19  Photon Cannon  
  190  13:23  Photon Cannon  
  190  13:32  Photon Cannon  
  190  13:34  Pylon  
  190  13:52  Tempest  
  195  14:15  Tempest x2  
  197  15:05  Probe  
  198  15:16  Phoenix  
  190  17:10  Mothership  
  198  17:51  Nexus  
  198  18:18  Assimilator  
  198  18:20  Pylon  
  198  18:23  Pylon  
  198  18:27  Assimilator  
  188  19:27  Tempest x2  
  188  20:24  Photon Cannon  
  188  20:27  Photon Cannon  
  188  20:30  Shield Battery  
  188  20:32  Shield Battery  
  188  20:34  Photon Cannon  
  188  20:39  Photon Cannon  
  188  20:54  Tempest x2  
  193  22:05  Carrier  
  193  22:06  Carrier  
  193  22:51  Tempest  
  198  23:20  Pylon  
  198  23:24  Pylon  
  193  23:43  Photon Cannon  
  193  23:44  Photon Cannon  
  193  23:47  Photon Cannon  
  193  23:50  Shield Battery  
  193  23:52  Photon Cannon  
  193  23:58  Photon Cannon  
  177  24:35  Tempest x2  
  177  24:36  Tempest  
  192  24:57  Anion Pulse-Crystals  
  192  25:00  Mothership  
  194  25:57  Tempest  
  199  26:17  Assimilator  
  199  26:22  Assimilator  
  199  26:26  Nexus  
Show
View Real Time Build Order
Export as new Build Order

MrGreeny Zerg 

Build Orders: Hatch First 

Get SALT Encoding   

  12  0:01  Drone  
  13  0:13  Overlord  
  13  0:18  Drone  
  14  0:31  Drone x2  
  14  0:35  Drone  
  17  0:54  Hatchery  
  16  0:57  Drone  
  16  1:01  Drone  
  18  1:09  Drone  
  19  1:14  Extractor  
  18  1:21  Spawning Pool  
  18  1:24  Drone  
  18  1:29  Drone  
  19  1:39  Drone  
  20  1:55  Hatchery  
  20  1:57  Drone  
  20  2:03  Drone  
  20  2:08  Drone  
  22  2:09  Queen  
  24  2:19  Queen  
  24  2:22  Drone  
  27  2:25  Drone  
  28  2:41  Overlord x2  
  28  2:59  Drone x2  
  28  3:00  Queen  
  28  3:03  Drone x3  
  28  3:04  Drone  
  36  3:13  Drone x3  
  39  3:20  Drone x4  
  39  3:23  Drone  
  39  3:24  Drone  
  45  3:29  Spore Crawler  
  45  3:31  Spore Crawler  
  45  3:32  Drone x3  
  46  3:40  Drone x3  
  46  3:41  Drone  
  50  3:48  Overlord x2  
  50  3:56  Spore Crawler  
  50  3:59  Drone  
  50  4:02  Extractor  
  49  4:04  Drone  
  49  4:05  Queen  
  49  4:06  Extractor  
  51  4:13  Drone x3  
  51  4:15  Extractor  
  53  4:17  Lair  
  53  4:29  Roach Warren, Drone x3  
  53  4:30  Drone x2  
  53  4:31  Drone  
  58  4:32  Evolution Chamber, Drone x2  
  59  4:47  Drone x4  
  63  5:04  Zerg Missile Weapons Level 1  
  63  5:18  Hatchery  
  63  5:19  Roach x2  
  63  5:20  Overlord  
  63  5:21  Overlord  
  66  5:29  Hydralisk Den, Drone  
  66  5:35  Overlord  
  66  5:36  Overlord  
  66  5:46  Spire  
  66  5:49  Drone x2  
  67  5:53  Queen  
  67  5:56  Queen  
  71  5:58  Queen  
  73  6:06  Spore Crawler  
  73  6:07  Spore Crawler  
  73  6:08  Muscular Augments, Hydralisk x4  
  73  6:09  Hydralisk x5  
  89  6:31  Hydralisk x3  
  95  6:33  Overlord x3  
  95  6:52  Drone x4  
  99  6:56  Evolution Chamber  
  99  7:00  Extractor, Drone x5  
  100  7:01  Extractor, Hydralisk x3  
  100  7:02  Hydralisk x5  
  100  7:03  Hydralisk  
  117  7:27  Drone x2  
  117  7:28  Drone  
  120  7:30  Overlord  
  120  7:31  Overlord  
  120  7:48  Hatchery  
  119  7:54  Hatchery  
  118  8:03  Corruptor x3  
  118  8:04  Corruptor x3  
  130  8:19  Corruptor x2  
  134  8:26  Zerg Missile Weapons Level 2  
  134  8:38  Zerg Ground Armor Level 1  
  134  8:45  Drone x2  
  134  8:46  Overlord x3  
  118  9:30  Hydralisk x3  
  118  9:31  Hydralisk x8  
  122  9:32  Hydralisk x3  
  144  9:42  Drone x2  
  144  9:43  Drone x6  
  152  9:46  Extractor  
  152  9:47  Extractor, Drone  
  152  9:48  Drone x7  
  152  9:49  Drone  
  159  9:54  Zergling x4  
  159  9:55  Overlord x3  
  161  10:01  Zerg Flyer Weapons Level 1  
  161  10:02  Overseer  
  161  10:10  Spire  
  160  10:46  Corruptor x4  
  160  10:47  Corruptor x5  
  178  10:57  Extractor x2, Drone x3  
  178  10:58  Drone x3  
  181  11:12  Hydralisk x6  
  181  11:13  Hydralisk  
  181  11:15  Overlord x2  
  181  11:16  Overlord x5  
  195  12:06  Corruptor x2  
  199  12:11  Zerg Flyer Weapons Level 2  
  199  12:18  Hatchery  
  199  12:20  Zerg Flyer Armor Level 1  
  199  12:22  Hatchery, Infestation Pit  
  160  13:03  Corruptor x6  
  160  13:04  Corruptor x7  
  172  13:19  Zergling x4  
  175  13:20  Zergling x16  
  175  13:21  Zergling x12  
  188  13:30  Zerg Ground Armor Level 2  
  188  13:31  Zerg Melee Weapons Level 1  
  188  13:34  Hive  
  188  13:36  Drone  
  188  13:37  Drone x4  
  193  13:44  Corruptor  
  193  13:45  Corruptor x2  
  175  14:23  Corruptor  
  175  14:24  Corruptor x10  
  137  14:25  Corruptor x8  
  147  14:36  Corruptor x3  
  138  14:52  Spore Crawler  
  137  14:53  Spore Crawler  
  137  14:54  Spore Crawler x2  
  137  14:55  Drone x2, Spore Crawler  
  137  14:56  Drone x7, Spore Crawler x5  
  137  14:57  Drone x6  
  137  14:58  Spore Crawler  
  142  15:00  Spore Crawler  
  142  15:01  Spore Crawler  
  140  15:11  Greater Spire  
  140  15:12  Zerg Flyer Weapons Level 3  
  140  15:21  Drone x5  
  141  15:22  Drone x7  
  141  15:23  Extractor, Drone x2  
  153  15:38  Spore Crawler  
  153  15:39  Spore Crawler  
  153  15:40  Spore Crawler  
  153  15:41  Spore Crawler x2  
  148  15:43  Overlord x4  
  148  15:44  Overlord x7  
  148  15:45  Corruptor x4  
  148  15:46  Corruptor x7  
  148  15:47  Corruptor  
  172  15:56  Spore Crawler  
  171  16:07  Overseer  
  165  16:22  Corruptor x5  
  165  16:23  Corruptor x2  
  169  16:41  Corruptor  
  169  16:42  Corruptor x3  
  161  17:00  Zergling x18  
  161  17:01  Zergling x10  
  173  17:14  Drone x3  
  176  17:19  Queen  
  178  17:31  Zerg Flyer Armor Level 2  
  178  17:39  Pathogen Glands  
  178  17:43  Spore Crawler x4  
  166  17:44  Spore Crawler x2  
  166  17:45  Spore Crawler x2  
  162  18:03  Extractor  
  160  18:23  Hatchery  
  157  18:29  Spore Crawler  
  157  18:30  Spore Crawler x2  
  157  18:31  Spore Crawler  
  157  18:32  Spore Crawler x3  
  157  18:33  Spore Crawler  
  145  18:35  Spore Crawler  
  145  18:37  Spore Crawler  
  109  19:08  Corruptor x6  
  109  19:09  Corruptor x7  
  129  19:10  Corruptor x4  
  141  19:34  Zergling x2  
  141  19:35  Zergling x14  
  122  20:04  Corruptor  
  122  20:05  Corruptor x3  
  119  20:19  Infestor  
  119  20:20  Infestor x2  
  124  21:21  Corruptor x6  
  106  22:34  Hatchery  
  103  22:44  Corruptor x7  
  93  22:45  Corruptor x3  
  113  23:00  Queen  
  115  23:31  Hatchery  
  90  24:42  Hatchery  
  89  24:46  Queen  
  91  25:09  Corruptor x4  
  91  25:10  Corruptor x3  
  68  26:12  Corruptor x2  
  68  26:13  Corruptor x5  
  82  26:24  Corruptor  
Tags
 
Add a new tag
Caveats
  • Supply blocks, unpowered buildings, or Contaminate may cause inaccurate times.
  • Supply counts are checked every 10 seconds.